 Dungeon Crawl Stone Soup version 0.14.0-2-gd2dacb9 (webtiles) character file.

518 curiousnu the Shield-Bearer (level 7, -7/54 HPs)
             Began as a Formicid Fighter on Apr 11, 2014.
             Mangled by a two-headed ogre
             ... wielding a cursed -2,-1 giant spiked club
              (9 damage)
             ... on Level 3 of the Dungeon.
             The game lasted 00:16:55 (3193 turns).

curiousnu the Shield-Bearer (Formicid Fighter)      Turns: 3193, Time: 00:16:55

HP  -7/54        AC  7     Str 22      XL: 7   Next:  1%
MP   9/9         EV  8     Int  8      God:
Gold 151         SH 22     Dex 13      Spells:  0 memorised,  6 levels left

rFire  . . .     SeeInvis +     a - +2,+0 long sword
rCold  . . .     Clarity  .     b - +0 scale mail
rNeg   . . .     Conserve .     c - +1 shield
rPois  +         rCorr    .     (helmet unavailable)
rElec  .         rRot     .     (no cloak)
SustAb . .       Spirit   .     (no gloves)
rMut   .         Warding  .     (no boots)
Saprov . . .     Stasis   +     (no amulet)
MR     .....                    k - ring of poison resistance
                                e - +3 ring of dexterity

@: not resistant to hostile enchantments, extremely unstealthy
A: permanent stasis, dig shafts and tunnels, four strong arms, antennae 3
a: Dig, Shaft Self


You were on level 3 of the Dungeon.
You were hungry.

You visited 1 branch of the dungeon, and saw 4 of its levels.

You collected 151 gold pieces.

Inventory:

Hand weapons
 a - a +2,+0 long sword (weapon)
 p - a +0,+0 crossbow
Missiles
 f - 19 darts (quivered)
 i - 10 bolts of frost
 m - 12 poisoned needles
 s - 6 silver darts
 u - 19 poisoned bolts
Armour
 b - a +0 scale mail (worn)
 c - a +1 shield (worn)
 j - a +0 shield
Comestibles
 g - 2 meat rations
 v - an apple
Scrolls
 n - 3 scrolls of teleportation {unknown}
 o - 2 scrolls of blinking {unknown}
 t - 3 scrolls of magic mapping {unknown}
Jewellery
 e - a +3 ring of dexterity (left hand)
 k - a ring of poison resistance (right hand)
 l - a cursed ring of hunger {unknown}
Potions
 h - a potion of magic {unknown}
 q - 2 potions of curing {unknown}
 r - a potion of agility {unknown}


   Skills:
 + Level 4.2 Fighting
 + Level 3.5 Long Blades
 + Level 1.0 Throwing
 + Level 4.2 Armour
 + Level 2.4 Dodging
 + Level 5.2 Shields


You had 6 spell levels left.
You didn't know any spells.

Dungeon Overview and Level Annotations

Branches:
Dungeon (4/15)
 Temple: D:4-7

Altars:
Sif Muna


Innate Abilities, Weirdness & Mutations

Your are under a permanent stasis effect.
You can dig through walls and to a lower floor.
Your four strong arms can wield two-handed weapons with a shield.
You have a pair of large antennae on your head (SInv).


Message History

You hit the two-headed ogre.
The two-headed ogre is almost dead.
The two-headed ogre hits you with a giant spiked club!
* * * LOW HITPOINT WARNING * * *
The two-headed ogre hits you with a giant club.
* * * LOW HITPOINT WARNING * * *
Drink which item? (? for menu, Esc to quit)
You feel much better.
The two-headed ogre hits you with a giant spiked club!
* * * LOW HITPOINT WARNING * * *
You block the two-headed ogre's attack.
Throwing (i - inventory. (,) - cycle):
f - 19 darts (quivered)
Press: ? - help, Shift-Dir - straight line, f/p - two-headed ogre
Aim: a two-headed ogre, wielding a giant spiked club and a giant club (almost dead)
Okay, then.
You hit the two-headed ogre.
The two-headed ogre is almost dead.
You block the two-headed ogre's attack.
The two-headed ogre hits you with a giant club!
You die...

.
#..........>.....###
#.######.#####.....(
#.# #.# ####### #.#
#.# # #.# #.#
####### #.# #.#
#...<.. ###.### #.#
#.##### #.....# #.#
#.# #.###@# #.# #%#
... #O# #.# #.# #
#.# #(# #.#####)##.#
#. ..# #.....)....#
# ### #######.####
#.# #.# #.# #.#


You could see a two-headed ogre.

Vanquished Creatures
  An orc priest (D:3)
  An orc wizard (D:3)
  A worker ant (D:4)
  2 adders
  13 gnolls
  4 green rats (D:2)
  2 worms
  An ooze (D:1)
  7 orcs (D:3)
  5 giant cockroaches
  7 hobgoblins
  8 jackals (D:2)
  10 kobolds
  5 quokkas
  2 ball pythons
  9 bats
  4 giant newts (D:2)
  9 goblins
  7 rats
  2 plants (D:2)
100 creatures vanquished.

Notes
Turn   | Place    | Note
--------------------------------------------------------------
     0 | D:1      | curiousnu, the Formicid Fighter, began the quest for the Orb.
     0 | D:1      | Reached XP level 1. HP: 18/18 MP: 1/1
    86 | D:1      | Reached XP level 2. HP: 22/24 MP: 3/3
   174 | D:2      | HP: 1/25 [poisoned by an adder]
   432 | D:1      | Reached XP level 3. HP: 22/30 MP: 4/4
  1226 | D:2      | Reached skill level 4 in Shields
  1226 | D:2      | Reached XP level 4. HP: 22/37 MP: 5/5
  1486 | D:2      | Reached skill level 1 in Dodging
  1528 | D:2      | Found a deep blue altar of Sif Muna.
  1684 | D:2      | Reached XP level 5. HP: 36/42 MP: 7/7
  2408 | D:2      | Reached XP level 6. HP: 43/48 MP: 8/8
  2413 | D:2      | Reached skill level 5 in Shields
  3107 | D:4      | Reached skill level 1 in Throwing
  3129 | D:4      | Reached XP level 7. HP: 47/54 MP: 9/9
  3184 | D:3      | Noticed a two-headed ogre
  3191 | D:3      | HP: 1/54 [two-headed ogre/giant spiked club (6)]
  3193 | D:3      | Mangled by a two-headed ogre

Action                   |  1- 3 |  4- 6 |  7- 9 || total
-------------------------+-------+-------+-------++-------
Melee: Long sword        |   100 |   314 |     5 ||   419
Throw: Dart              |     6 |    28 |     1 ||    35
  Use: Potion            |     2 |     3 |     3 ||     8
       Scroll            |       |     7 |       ||     7
